 Dungeon Crawl Stone Soup version 0.28-a0-1555-g9ae15a6949 (webtiles) character file.

Game seed: 2682729462193584218

6384 kae the Grappler (level 10, 0/88 HPs)
             Began as a Ghoul Fighter on Jan 18, 2022.
             Was a Follower of Yredelemnul.
             Killed from afar by a wretched star (9 damage)
             ... with a lance of force
             ... on level 2 of the Abyss.
             The game lasted 00:08:06 (10626 turns).

kae the Grappler (Ghoul Fighter)                   Turns: 10626, Time: 00:08:06

Health: 0/88       AC: 15    Str: 20 (21) XL:     10   Next: 97%
Magic:  0/13       EV:  7    Int:  6 (7)  God:    Yredelemnul [*.....]
Gold:   475        SH:  0    Dex: 11      Spells: 9/9 levels left

rFire   . . .      SeeInvis .     - Unarmed
rCold   + . .      Faith    .   (no shield)
rNeg    + + +      Spirit   +   i - +1 plate armour "Figiaree" {Slay+6}
rPois   ∞          Reflect  .   (no helmet)
rElec   +          Harm     .   h - +0 cloak
rCorr   .          Rampage  .   (no gloves)
Will    .....                   (no boots)
Stlth   ..........              u - amulet of Teiroeto {Spirit rElec Regen+ Dex+3 Stlth+}
HPRegen 0.00/turn               (no ring)
MPRegen 0.13/turn               (no ring)

@: inhibited regen, studying Short Blades
A: claws 1, cold resistance 1, negative energy resistance 3, inhibited
regeneration, torment resistance 2
a: Renounce Religion, Recall Undead Harvest


You were on level 2 of the Abyss.
You worshipped Yredelemnul.
Yredelemnul was noncommittal.
You visited 2 branches of the dungeon, and saw 10 of its levels.
You visited the Abyss 1 time.

You collected 511 gold pieces.
You spent 36 gold pieces at shops.

Inventory:

Armour
 a - a +0 scale mail
 b - a +0 buckler
 h - a +0 cloak (worn)
 i - the +1 plate armour "Figiaree" (worn) {Slay+6}
   (You found it on level 4 of the Dungeon)

   Slay:      It affects your accuracy & damage with ranged weapons and melee
   (+6).
 w - a +2 pair of gloves
Jewellery
 u - the amulet of Teiroeto (around neck) {Spirit rElec Regen+ Dex+3 Stlth+}
   (You found it on level 5 of the Dungeon)

   [amulet of guardian spirit]

   It causes incoming damage to be divided between your reserves of health and
   magic.
   Dex:       It affects your dexterity (+3).
   rElec:     It insulates you from electricity.
   Regen:     It increases your rate of health regeneration.
   Stlth:     It makes you more stealthy.
 x - an amulet of the acrobat
 B - an amulet of reflection
Wands
 f - a wand of iceblast (7)
 n - a wand of flame (35)
 v - a wand of polymorph (8)
 D - a wand of digging (5)
 F - a wand of paralysis (4)
Scrolls
 e - a scroll of fog
 j - a scroll of blinking
 p - a scroll of teleportation
 r - 2 scrolls of amnesia
 s - 2 scrolls of noise
 t - 2 scrolls of enchant weapon
 y - a scroll of fear
 z - 6 scrolls of identify
 A - a scroll of holy word {unknown}
 G - a scroll of summoning
 H - a scroll of magic mapping
Potions
 c - 2 potions of might
 d - 3 potions of berserk rage
 g - 3 potions of lignification
 k - 3 potions of flight
 l - a potion of haste
 m - 3 potions of invisibility
 o - a potion of heal wounds
 q - 2 potions of brilliance
 C - a potion of curing
 E - a potion of cancellation {unknown}


   Skills:
 + Level 8.2 Fighting
 + Level 6.9 Armour
 + Level 4.6 Dodging
 - Level 3.8 Shields
 * Level 10.9 Unarmed Combat
 + Level 6.6 Invocations


You had 9 spell levels left.
You didn't know any spells.
Your spell library contained the following spells:

 Spells                   Type           Power      Damage    Failure   Level
 Ensorcelled Hibernation  Hex/Ice        0%         N/A       100%        2
 Passwall                 Tmut/Erth      0%         N/A       100%        2
 Swiftness                Air            0%         N/A       100%        3
 Tukima's Dance           Hex            0%         N/A       100%        3
 Anguish                  Hex/Necr       0%         N/A       100%        4
 Hailstorm                Conj/Ice       0%         3d3       100%        4
 Passage of Golubria      Tloc           0%         N/A       100%        4
 Summon Forest            Summ/Tloc      0%         N/A       100%        5
 Yara's Violent Unravell  Hex/Tmut       0%         3d3       100%        5
 Eringya's Noxious Bog    Tmut/Pois      0%         N/A       100%        6
 Simulacrum               Ice/Necr       0%         N/A       100%        6
 Summon Hydra             Summ           0%         N/A       100%        7
 Spider Form              Tmut/Pois      Unusable   N/A       N/A         3
 Ice Form                 Ice/Tmut       Unusable   N/A       N/A         4

Dungeon Overview and Level Annotations

Branches:
Dungeon (9/15)             Temple (1/1) D:4
   Lair: D:8-11         Orc: D:9-12

Altars:
Ashenzari
Dithmenos
Elyvilon
Fedhas
Gozag
Hepliaklqana
Kikubaaqudgha
Makhleb
Nemelex Xobeh
Okawaru
Qazlal
Ru
Sif Muna
Trog
Uskayaw
Wu Jian
Xom
Yredelemnul
Zin
The Shining One
Beogh

Shops:
D:7 !

Annotations:
D:3 1 runed translucent door, Crownlay's ghost, weakling GrEE
D:9 Erolcha


Innate Abilities, Weirdness & Mutations

You thrive by killing the living.
You are immune to poison.
You have sharp fingernails.
Your flesh is cold resistant. (rC+)
You are immune to negative energy. (rN+++)
You do not regenerate when monsters are visible.
You are immune to unholy pain and torment.


Message History

* * * LOW HITPOINT WARNING * * *
You are knocked back by the lance of force.
You slam into the rock wall!
* * * LOW HITPOINT WARNING * * *
Your spectral shadow demon hits the wretched star.
Your spectral shadow demon hits the wretched star but does no damage.
You feel much better.
You scratch the wretched star but do no damage.
The wretched star is lightly damaged.
You closely miss the wretched star.
The wretched star is lightly damaged.
Your spectral shadow demon misses the wretched star.
You scratch the wretched star.
The wretched star is lightly damaged.
Your spectral shadow demon barely misses the wretched star.
You claw the wretched star!
The wretched star is moderately damaged.
The wretched star pulses with an eldritch light!
Your body decomposes!
You feel dopey.
Your spectral shadow demon hits the wretched star but does no damage.
You scratch the wretched star but do no damage.
The wretched star is moderately damaged.
The wretched star pulses with an eldritch light!
Your body decomposes!
You feel weakened.
Your spectral shadow demon hits the wretched star!
You closely miss the wretched star.
The wretched star is heavily damaged.
The wretched star glows turbulently.
The lance of force hits you!!
* * * LOW HITPOINT WARNING * * *
You are knocked back by the lance of force.
You slam into the stone wall!
* * * LOW HITPOINT WARNING * * *
Your spectral shadow demon hits the wretched star!
The wretched star glows turbulently.
The lance of force hits you!
You die...
Yredelemnul claims you as an undead slave.

.#.#.. #....## #...#
..# ..#.....##. . ....
#
#.#.#......##.#.#.#...
..##.#..#..# ###. . .#
........#..#.#.#. ##..
#........##....#. .
.#....#....# ## .
#.#....Z.#....# #
#...#.@*#.#. ## ...#
####### # .. .


You could see a wretched star (ally target) and a friendly spectral shadow
demon.

Vanquished Creatures
  A two-headed ogre (D:9)
  A shadow wraith (Abyss:2)
  A shadow demon (Abyss:2)
  Pikel (D:6)
  A hornet (D:8)
  A raiju (Abyss:2)
  A shadow (D:9)
  A wyvern (D:8)
  7 yaks
  A steam dragon (D:8)
  6 orc warriors
  5 black bears
  2 necrophages (D:6)
  3 centaurs
  An ogre (D:5)
  A lemure (D:7)
  A phantom (D:6)
  2 wyvern zombies
  A bullfrog (D:7)
  2 scorpions
  A gnoll sergeant (D:9)
  13 killer bees
  A howler monkey (D:6)
  A jelly (D:7)
  A hound (D:7)
  4 orc priests
  A centaur zombie (D:9)
  5 centaur skeletons
  A gnoll shaman (D:9)
  2 iguanas
  Terence (D:3)
  6 orc wizards
  A killer bee zombie (D:6)
  A hound skeleton (D:4)
  A howler monkey zombie (D:8)
  Robin (D:3)
  7 gnolls (D:9)
  6 adders
  A shadow imp (D:6)
  2 ufetubi (D:5)
  An adder skeleton (D:4)
  2 worms
  35 orcs
  5 endoplasms
  5 giant cockroaches
  19 goblins
  11 hobgoblins
  2 jackals (D:5)
  5 kobolds
  3 quokkas
  8 ball pythons
  3 bats
  3 frilled lizards
  7 rats
206 creatures vanquished.

Vanquished Creatures (collateral kills)
  A vampire mosquito (D:9)
  2 lemures (D:7)
  An orc wizard (D:8)
  An adder (D:5)
  3 orcs
  A jackal (D:5)
9 creatures vanquished.

Vanquished Creatures (others)
  A two-headed ogre zombie (D:9)
  A vampire mosquito zombie (D:9)
  A killer bee zombie (D:8)
  3 gnoll zombies (D:9)
  A goblin (D:3)
  16 orc zombies (D:9)
  2 plants (D:5)
25 creatures vanquished.

Grand Total: 240 creatures vanquished

Notes
Turn   | Place    | Note
-------+----------+-------------------------------------------
     0 | D:1      | kae the Ghoul Fighter began the quest for the Orb.
     0 | D:1      | Reached XP level 1. HP: 19/19 MP: 0/0
    92 | D:1      | Found a faded altar of an unknown god.
   520 | D:1      | Reached XP level 2. HP: 26/26 MP: 1/1
  1003 | D:2      | Reached skill level 3 in Unarmed Combat
  1003 | D:2      | Reached XP level 3. HP: 26/31 MP: 2/2
  1699 | D:2      | Reached XP level 4. HP: 40/40 MP: 3/3
  2028 | D:3      | Found a runed translucent door.
  2030 | D:3      | Noticed a bullfrog
  2033 | D:3      | Noticed Crownlay's ghost (weakling GrEE)
  2107 | D:3      | Noticed Robin
  2609 | D:3      | Killed Robin
  2904 | D:3      | Noticed Terence
  2910 | D:3      | Killed Terence
  2911 | D:3      | Reached XP level 5. HP: 36/46 MP: 4/4
  3116 | D:4      | Reached skill level 4 in Unarmed Combat
  3501 | D:4      | Reached XP level 6. HP: 41/53 MP: 5/5
  3701 | D:4      | Found a sacrificial altar of Ru.
  4203 | D:4      | Found a staircase to the Ecumenical Temple.
  4393 | D:4      | Reached skill level 5 in Unarmed Combat
  4399 | Temple   | Entered the Ecumenical Temple
  4669 | Temple   | Became a worshipper of Yredelemnul the Dark
  4986 | D:4      | Identified the +1 plate armour "Figiaree" {Slay+6}
  5070 | D:5      | Entered Level 5 of the Dungeon
  5311 | D:5      | Reached XP level 7. HP: 60/60 MP: 6/6
  5364 | D:5      | Reached * piety under Yredelemnul
  5365 | D:5      | Reached skill level 1 in Invocations
  5577 | D:5      | Reached skill level 5 in Fighting
  5774 | D:5      | Identified the amulet of Teiroeto {Spirit rElec Regen+
                  | Dex+3 Stlth+}
  5783 | D:5      | Found a hazy altar of Hepliaklqana.
  5990 | D:6      | Noticed a yak
  5990 | D:6      | Noticed a yak
  5990 | D:6      | Noticed a yak
  6000 | D:5      | Killed a yak
  6001 | D:5      | Reached skill level 6 in Unarmed Combat
  6179 | D:5      | Killed a yak
  6180 | D:5      | Reached XP level 8. HP: 27/69 MP: 8/8
  6184 | D:5      | Killed a yak
  6547 | D:6      | Reached skill level 7 in Unarmed Combat
  6848 | D:6      | Reached skill level 5 in Armour
  6848 | D:6      | Reached skill level 1 in Dodging
  6945 | D:6      | Reached XP level 9. HP: 77/77 MP: 10/10
  6994 | D:6      | Reached ** piety under Yredelemnul
  6995 | D:6      | Reached skill level 8 in Unarmed Combat
  7648 | D:7      | Found an ancient bone altar of Kikubaaqudgha.
  7692 | D:7      | Noticed Pikel
  8084 | D:6      | Killed Pikel
  8085 | D:6      | Reached skill level 9 in Unarmed Combat
  8283 | D:7      | Reached skill level 5 in Invocations
  8370 | D:7      | Found Awout's Distillery.
  8373 | D:7      | Bought a potion of curing for 36 gold pieces
  8409 | D:7      | Identified the +9 trident of Defilement {flame, *Slow rElec
                  | rC- rN+++}
  8802 | D:8      | Reached XP level 10. HP: 86/86 MP: 11/13
  9247 | D:8      | Reached *** piety under Yredelemnul
  9254 | D:8      | Reached skill level 10 in Unarmed Combat
  9258 | D:8      | Reached **** piety under Yredelemnul
  9277 | D:8      | Reached ***** piety under Yredelemnul
 10097 | D:9      | Noticed a two-headed ogre
 10102 | D:9      | Killed a two-headed ogre
 10392 | D:9      | Found a sparkling altar of Nemelex Xobeh.
 10432 | D:9      | Noticed Erolcha
 10453 | D:9      | Cast into level 2 of the Abyss (Erolcha)
 10482 | Abyss:2  | Killed a shadow wraith
 10597 | Abyss:2  | Noticed a shadow demon
 10612 | Abyss:2  | Noticed a deep elf demonologist
 10612 | Abyss:2  | Killed a shadow demon
 10613 | Abyss:2  | Noticed a wretched star
 10626 | Abyss:2  | Killed from afar by a wretched star

Illustrated notes

Levels and vault maps discovered:
D:1:      dpeg_arrival_refuge, layout_basic,
          shapermc_ecumenical_altar_notcrosses, minmay_nonomino_d4
D:2:      layout_basic, st_stairs_10, minmay_unequal
D:3:      layout_rooms, ebering_ghost_sewer_d, uniq_terence, uniq_robin
D:4:      layout_basic, overflow_temple_1_default, minmay_temple_entry_hall,
          kennysheep_path_1, grunt_ministairs_12, corexii_shack,
          kennysheep_cluttered_room
D:5:      layout_basic, nicolae_hepliaklqana_hazy_memory
D:6:      layout_loops_cross, kennysheep_mini_moat
D:7:      layout_cave_pools, kiku_gazebo_pond_becter, marbit_many_paths,
          serial_shops, nicolae_shop_behind_doors, uniq_pikel
D:8:      layout_basic
D:9:      layout_roguey [special_room_orc], nemelex_spade_bored_becter,
          grunt_decor_resistance, grunt_ministairs_8, uniq_erolcha
Temple:   minmay_temple_curvy_branch
Abyss:2:  base:
D:6

Skill      XL: |  1  2  3  4  5  6  7  8  9 10 |
---------------+-------------------------------+-----
Shields        | 3 |  3.8
Unarmed Combat | 3 4 5 6 7 9 10 | 10.9
Armour         | 3 4 5 6 |  6.9
Fighting       | 4 5 6 7 8 |  8.2
Invocations    | 2 3 5 6 |  6.6
Dodging        | 1 3 4 |  4.6

Action                   |  1- 3 |  4- 6 |  7- 9 | 10-12 || total
-------------------------+-------+-------+-------+-------++-------
Melee: Unarmed           |   113 |   232 |   184 |   213 ||   742
       Punch             |       |     6 |    12 |    10 ||    28
Invok: Recall Undead Har |       |       |       |     1 ||     1
  Use: Scroll            |       |    12 |     7 |       ||    19
       Potion            |       |       |     1 |     2 ||     3
 Stab: Distracted        |       |       |     1 |     1 ||     2
Armor: Scale mail        |    45 |   104 |       |       ||   149
       Plate armour      |       |    14 |   168 |   104 ||   286
Dodge: Dodged            |    57 |    89 |    86 |    59 ||   291
Block: Buckler           |    15 |     1 |       |       ||    16

Table legend: (Time is in decaauts)
 A = Elapsed time spent in this place.
 B = Non-inter-level travel time spent in this place.
 C = Inter-level travel time spent in this place.
 D = Time resting spent in this place.
 E = Time spent auto-exploring this place.
 F = Levels seen in this place.
 G = Mean time per level.
                   A        B        C        D        E       F      G
               +--------+--------+--------+--------+--------+-----+--------+
         Total |  10569 |  10145 |    424 |   2466 |   6208 |  11 |  960.8 |
       Dungeon |  10096 |   9715 |    381 |   2374 |   5938 |   9 | 1121.8 |
        Temple |    292 |    249 |     43 |      0 |    247 |   1 |  292.0 |
         Abyss |    180 |    180 |      0 |     92 |     23 |   1 |  180.0 |
               +--------+--------+--------+--------+--------+-----+--------+

Top non-repeatable levels by time:
     D:4: 1679 daAuts
     D:6: 1537 daAuts
     D:5: 1338 daAuts
     D:2: 1293 daAuts
     D:1: 1191 daAuts
     D:8: 1107 daAuts
     D:7: 689 daAuts
     D:9: 654 daAuts
     D:3: 604 daAuts
  Temple: 292 daAuts
 Abyss:2: 180 daAuts
